 Dungeon Crawl Stone Soup version 0.18.1-47-g9310371 (webtiles) character file.

93 Gargoyl the Skirmisher (level 4, -1/35 HPs)
             Began as a Demonspawn Abyssal Knight on June 13, 2016.
             Was a Believer of Lugonu.
             Slain by a worm (7 damage)
             ... on level 2 of the Dungeon.
             The game lasted 00:04:05 (2292 turns).

Gargoyl the Skirmisher (Demonspawn Abyssal Knight)  Turns: 2292, Time: 00:04:06

Health: -1/35      AC:  7    Str: 13    XL:     4   Next: 36%
Magic:  6/6        EV:  9    Int: 13    God:    Lugonu [**....]
Gold:   49         SH:  0    Dex: 13    Spells: 0 memorised, 3 levels left

rFire  + . .     SeeInvis .     a - +1 hand axe
rCold  . . .     Gourm    +     s - +0 scale mail (curse)
rNeg   . . .     Faith    .     (no shield)
rPois  .         Spirit   .     (no helmet)
rElec  .         Dismiss  .     (no cloak)
rCorr  .         Reflect  .     (no gloves)
SustAt .         Harm     .     e - +0 pair of boots
MR     .....                    r - amulet of the gourmand
Stlth  ..........               (no ring)
                                (no ring)

@: not resistant to hostile enchantments, extremely unstealthy
A: claws 1, talons 1, fire resistance 1
a: Depart the Abyss, Bend Space, Renounce Religion


You were on level 2 of the Dungeon.
You worshipped Lugonu.
Lugonu was pleased with you.
You were very full.

You visited 1 branch of the dungeon, and saw 3 of its levels.
You visited the Abyss 1 time.

You collected 49 gold pieces.

Inventory:

Hand Weapons
 a - a +1 hand axe (weapon)
Armour
 e - a +0 pair of boots (worn)
 s - a cursed +0 scale mail (worn)
Jewellery
 r - an amulet of the gourmand (around neck)
Scrolls
 b - a scroll of amnesia {unknown}
 d - 4 scrolls of identify {unknown}
 f - a scroll of immolation {unknown}
 i - a scroll of fog {unknown}
 l - a scroll of enchant weapon {unknown}
 m - a scroll of fear {unknown}
 q - 2 scrolls of magic mapping {unknown}
 t - a scroll of blinking {unknown}
 u - a scroll of teleportation {unknown}
Comestibles
 c - a bread ration
 g - a meat ration
 h - a beef jerky
 j - 3 fruits


   Skills:
 + Level 3.4 Fighting
 + Level 2.2 Axes
 * Level 3.1 Armour
 + Level 1.6 Dodging
 + Level 2.7 Invocations


You had 3 spell levels left.
You didn't know any spells.

Dungeon Overview and Level Annotations

Branches:
Dungeon (3/15)

Altars:


Innate Abilities, Weirdness & Mutations

You have sharp fingernails.
You have sharp toenails.
Your flesh is heat resistant.


Message History

Eat one of 2 chunks of flesh? (ye/n/q/i?) This raw flesh tastes great.
You continue eating. x2
Eat a chunk of flesh? (ye/n/q/i?) This raw flesh tastes great.
You continue eating. x2
There is a stone staircase leading down, spattered with blood here.
You see here a dagger.
You start resting.
A worm comes into view.
You hit the worm.
The worm is moderately wounded.
You hit the worm but do no damage.
The worm is moderately wounded.
The worm bites you.
* * * LOW HITPOINT WARNING * * *
You slash the worm!
The worm is heavily wounded.
The worm bites you!
You die...

#..............................
#...................#.......#.#
#####...(..............####.#.#
#..................# #...#
####...........#####.# ##..##
#.........)....# ##.###....#
####.#...>.....# #..##..##..
#.#.........####.###.#####
#........@.......# #.#
###.#......w....######.#
#........(...##.# #...#
#.....#...(...#.####.###
#.....#.####.........#####
#.......# ###.(.........#
#..>..### ###.........###
#.....# #......#..... #.....#
#......###.##


You could see a worm.

Vanquished Creatures
  4 adders (D:2)
  A dart slug (D:1)
  2 giant geckos (D:2)
  An orc (D:2)
  2 ball pythons (D:1)
  4 giant cockroaches (D:2)
  5 goblins
  7 hobgoblins
  3 quokkas (D:2)
  4 bats
  4 giant newts
  7 kobolds
  6 rats
50 creatures vanquished.

Notes
Turn   | Place    | Note
--------------------------------------------------------------
     0 | Abyss:1  | Gargoyl the Demonspawn Abyssal Knight began the quest for the Orb.
     0 | Abyss:1  | Reached XP level 1. HP: 18/18 MP: 2/2
    72 | Abyss:1  | Noticed a large abomination
    77 | D:1      | Escaped the Abyss
   292 | D:1      | Reached * piety under Lugonu
   321 | D:1      | Gained mutation: You have sharp fingernails. [demonic ancestry]
   321 | D:1      | Reached XP level 2. HP: 19/24 MP: 3/3
   529 | D:1      | Reached skill level 1 in Dodging
  1056 | D:2      | Gained mutation: You have sharp toenails. [demonic ancestry]
  1056 | D:2      | Reached XP level 3. HP: 29/29 MP: 3/5
  1469 | D:2      | Reached ** piety under Lugonu
  1517 | D:2      | Gained mutation: Your flesh is heat resistant. [demonic ancestry]
  1517 | D:2      | Reached XP level 4. HP: 33/35 MP: 6/6
  2292 | D:2      | Slain by a worm

Skill      XL: |  1  2  3 |
---------------+----------+-----
Armour         | 2 3 |  3.1
Dodging        | 1 |  1.6
Axes           | 2 |  2.2
Fighting       | |  3.4
Invocations    | |  2.7

Action                   |  1- 3 |  4- 6 || total
-------------------------+-------+-------++-------
Melee: Hand axe          |   101 |    59 ||   160
Invok: Depart the Abyss  |     1 |       ||     1
  Use: Potion            |       |     4 ||     4
  Eat: Chunk             |     5 |    11 ||    16
Armor: Ring mail         |    56 |       ||    56
       Leather armour    |     4 |       ||     4
       Scale mail        |     3 |    36 ||    39
Dodge: Dodged            |    86 |    31 ||   117
